 Dungeon Crawl Stone Soup version 0.27.0-1-g7a089689b8 (webtiles) character file.

Game seed: 3799707372053354001

185185 sanka the Acrobat (level 18, -7/151 HPs)
             Began as a Merfolk Necromancer on Aug 7, 2021.
             Was a High Priest of Okawaru.
             Killed from afar by Azrael (24 damage)
             ... with damnation
             ... on level 13 of the Dungeon.
             The game lasted 00:58:52 (27276 turns).

sanka the Acrobat (Merfolk Necromancer)            Turns: 27276, Time: 00:58:52

Health: -7/151     AC: 29    Str:  9    XL:     18   Next: 43%
Magic:  19/25      EV: 35    Int: 17    God:    Okawaru [*****.]
Gold:   1908       SH:  0    Dex: 22    Spells: 8/21 levels left

rFire    . . .     SeeInvis .   X - +3 glaive (flame)
rCold    . . .     Faith    .   (shield currently unavailable)
rNeg     . . .     Spirit   .   O - +5 steam dragon scales of a Million Lies {Drain Will+ Slay+2}
rPois    .         Reflect  .   G - +1 helmet {Int+3}
rElec    .         Harm     .   K - +2 cloak {rCorr}
rCorr    +         Rampage  .   t - +2 pair of gloves
Will     ++...                  c - +0 pair of boots {Fly}
Stlth    ++++......             i - amulet of the acrobat
HPRegen  0.35/turn              d - +4 ring of protection
MPRegen  0.19/turn              k - +4 ring of protection

@: heroic, finesse-ful, flying
A: (nimble swimmer 2), mertail
a: Renounce Religion, Heroism, Finesse


You were on level 13 of the Dungeon.
You worshipped Okawaru.
Okawaru was extremely pleased with you.
You visited 4 branches of the dungeon, and saw 22 of its levels.
You also visited: Sewer, Bailey and Ice Cave.

You collected 5663 gold pieces.
You spent 3755 gold pieces at shops.


Innate Abilities, Weirdness & Mutations

((You are quick and stealthy near water. (Stealth+, EV+, Speed+++)))
Your lower body shifts to a powerful aquatic tail in water.


   Skills:
 - Level 16.0(21.0) Fighting
 - Level 15.0(20.0) Polearms
 - Level 22.0(27) Dodging
 - Level 2.1(7.1) Stealth
 + Level 2.4 Spellcasting
 - Level 3.2 Necromancy
 + Level 8.2 Ice Magic
 - Level 10.0 Invocations


You had 8 spell levels left.
You knew the following spells:

 Your Spells              Type           Power      Damage    Failure   Level
x - Summon Ice Beast      Ice/Summ       16%        N/A       34%         4
y - Frozen Ramparts       Ice            60%        1d8       1%          3
z - Pain                  Necr           52%        1d6       4%          1
X - Freezing Cloud        Conj/Ice/Air   5%         6-21      86%         5

Your spell library contained the following spells:

 Spells                   Type           Power      Damage    Failure   Level
 Animate Skeleton         Necr           26%        N/A       4%          1
 Vampiric Draining        Necr           6%         2d6       14%         3
 Magic Dart               Conj           8%         1d3       19%         1
 Summon Small Mammal      Summ           8%         N/A       19%         1
 Call Imp                 Summ           2%         N/A       28%         2
 Passwall                 Tmut/Erth      1%         N/A       28%         2
 Static Discharge         Conj/Air       2%         N/A       28%         2
 Ice Form                 Ice/Tmut       16%        N/A       34%         4
 Animate Dead             Necr           6%         N/A       43%         4
 Dispel Undead            Necr           13%        3d9       43%         4
 Call Canine Familiar     Summ           2%         N/A       50%         3
 Gell's Gravitas          Tloc           1%         N/A       50%         3
 Ignite Poison            Fire/Tmut/Pois 2%         N/A       50%         3
 Inner Flame              Hex/Fire       2%         N/A       50%         3
 Mephitic Cloud           Conj/Pois/Air  2%         N/A       50%         3
 Summon Guardian Golem    Hex/Summ       2%         N/A       50%         3
 Swiftness                Air            2%         N/A       50%         3
 Teleport Other           Tloc           2%         N/A       50%         3
 Agony                    Necr           13%        N/A       80%         5
 Cause Fear               Hex            1%         N/A       88%         4
 Sticky Flame             Conj/Fire      2%         2d3       88%         4
 Simulacrum               Ice/Necr       10%        N/A       95%         6
 Bolt of Magma            Conj/Fire/Erth 1%         4d4       99%         5
 Summon Forest            Summ/Tloc      1%         N/A       99%         5
 Dispersal                Tloc           1%         N/A       100%        6
 Eringya's Noxious Bog    Tmut/Pois      1%         N/A       100%        6
 Invisibility             Hex            1%         N/A       100%        6
 Summon Hydra             Summ           1%         N/A       100%        7
 Discord                  Hex            1%         N/A       100%        8
 Polar Vortex             Ice            15%        N/A       100%        9

Inventory:

Hand Weapons
 X - a +3 glaive of flaming (weapon)
Missiles
 g - 6 throwing nets {=f}
 s - 12 curare-tipped darts (quivered) {=f}
Armour
 c - a +0 pair of boots of flying (worn)
 t - a +2 pair of gloves (worn)
 G - a +1 helmet of intelligence (worn)
 K - a +2 cloak of preservation (worn)
 O - the +5 steam dragon scales of a Million Lies (worn) {Drain Will+ Slay+2}

   Slay:      It affects your accuracy & damage with ranged weapons and melee
   (+2).
   Drain:     It drains your maximum health when unequipped.
   Will:      It increases your willpower.
 T - a +0 pair of boots of rampaging
Jewellery
 d - a +4 ring of protection (left hand)
 i - an amulet of the acrobat (around neck)
 k - a +4 ring of protection (right hand)
 l - a ring of flight
 r - a ring of poison resistance
 V - a ring of ice
Wands
 I - a wand of flame (88)
 J - a wand of iceblast (54)
 N - a wand of mindburst (16)
 W - a wand of paralysis (15)
Scrolls
 b - a scroll of identify {@r1}
 j - 4 scrolls of magic mapping
 q - 6 scrolls of teleportation {@r4}
 v - a scroll of vulnerability {!r}
 w - 5 scrolls of fear
 x - 2 scrolls of blinking
 y - 4 scrolls of enchant weapon
 C - 2 scrolls of brand weapon
 E - a scroll of fog
 F - 2 scrolls of enchant armour
Potions
 e - 3 potions of flight {unknown}
 f - 4 potions of ambrosia
 h - 5 potions of curing {@q1}
 m - 2 potions of cancellation {unknown}
 n - a potion of heal wounds {unknown}
 o - 2 potions of lignification {unknown}
 z - 2 potions of magic {unknown}
 A - a potion of invisibility {unknown}
 D - 3 potions of resistance
 H - 2 potions of berserk rage {unknown}
 R - a potion of attraction {unknown}
 S - 3 potions of haste {@q3}
Miscellaneous
 a - a lightning rod (4/4)
 u - a condenser vane

Dungeon Overview and Level Annotations

Branches:
Dungeon (13/15)            Temple (1/1) D:5            Lair (6/6) D:10
  Swamp (0/4) Lair:3       Spider (0/4) Lair:2        Slime (0/5) Lair:6
    Orc (2/2) D:11            Elf (0/3) Orc:2         Sewer (visited)
 Bailey (visited)           IceCv (visited)
 Vaults: D:13-14

Altars:
Ashenzari
Cheibriados
Dithmenos
Elyvilon
Fedhas
Gozag
Hepliaklqana
Kikubaaqudgha
Makhleb
Nemelex Xobeh
Okawaru
Qazlal
Ru
Sif Muna
Trog
Uskayaw
Vehumet
Wu Jian
Xom
Yredelemnul
Zin
The Shining One
Jiyva

Shops:
D:2 *   D:3 ?   D:4 [[[:   D:6 (   Orc:2 ((?[[

Portals:
Trove: D:12 (give +6 demon whip)
Gauntlet: D:13

Annotations:
D:3 1 runed translucent door, Grinder; MoonlitKnight's ghost, amateur HOFi
D:5 3 runed translucent doors, PaladinM's ghost, amateur DgFi; Skimidon's ghost, novice MiFi
D:13 Azrael
Lair:1 2 transporters, exclusion: ice statue, sanka's ghost, journeyman MfNe
Lair:6 1 runed translucent door

▒▒▒▒▒▒▒▒▒▒ ▒........
▒......▒▒▒▒▒ .
▒......'...▒ .. ▒▒
▒......▒...▒ ...
.▒▒▒▒▒▒▒▒......▒...▒ ∩...
..........)....▒m..▒ ....▒
.......▒▒▒▒▒▒.☼▒▒R▒▒.....▒
▒......'....▒h°R☼........▒
▒......▒....▒...§.....>..+
▒......▒....▒E☼..........▒
▒......▒....▒☼...▒▒▒▒▒y..+
▒▒.....▒....▒☼..☼▒ ..▒
▒.....▒▒▒▒▒▒.... .▒
▒...... ....°.


y You could see Azrael and a vampire mosquito (wandering).


Message History

You slash Azrael!
Azrael is lightly wounded.
Unknown command.
You hit Azrael.
Azrael is lightly wounded.
Azrael gestures at you.
The sphere of damnation explodes!
The damnation engulfs you!!!
* * * LOW HITPOINT WARNING * * *
The damnation engulfs Azrael.
Azrael completely resists.
You hear a bark!
You hear an angry buzzing noise.
You hear an angry buzzing noise.
You hear a shout!
You hear a shout!
You barely miss Azrael.
Azrael is lightly wounded.
Unknown command.
You hit Azrael.
Azrael is moderately wounded.
Azrael hits you with a +1 scimitar of flaming!
* * * LOW HITPOINT WARNING * * *
Azrael burns you.
* * * LOW HITPOINT WARNING * * *
Okay, then.
Azrael gestures at you.
The sphere of damnation explodes!
The damnation engulfs you!!
You die...

Action                   |  1- 3 |  4- 6 |  7- 9 | 10-12 | 13-15 | 16-18 || total
-------------------------+-------+-------+-------+-------+-------+-------++-------
Melee: Unarmed           |    12 |       |       |       |       |       ||    12
       Dagger            |     6 |   128 |       |       |       |       ||   134
       Spear             |    11 |    41 |       |       |       |       ||    52
       Trident           |       |   116 |   501 |       |       |       ||   617
       Tailslap          |       |    17 |     4 |       |     1 |     7 ||    29
       Punch             |       |       |     3 |       |       |       ||     3
       Halberd           |       |       |       |   234 |       |       ||   234
       Glaive            |       |       |       |   214 |   174 |  1044 ||  1432
Throw: Dart              |       |       |     5 |     7 |       |     2 ||    14
 Cast: Pain              |    76 |    32 |       |       |       |       ||   108
Invok: Heroism           |       |       |     8 |    26 |     8 |    14 ||    56
       Finesse           |       |       |       |       |       |     1 ||     1
Evoke: Wand              |       |       |     3 |       |       |       ||     3
  Use: Scroll            |       |     1 |     7 |     9 |     4 |     8 ||    29
       Potion            |       |       |       |       |     3 |     3 ||     6
 Stab: Sleeping          |     1 |     1 |     2 |     3 |     7 |    14 ||    28
       Distracted        |       |       |       |     3 |     1 |     6 ||    10
Armor: Robe              |    26 |    58 |    88 |       |       |       ||   172
       Steam dragon scal |       |       |     8 |    93 |    37 |   199 ||   337
Dodge: Dodged            |    57 |   182 |   288 |   338 |   134 |  1297 ||  2296

Levels and vault maps discovered:
D:1:      eino_arrival_cavern_e, layout_loops_ring, minmay_three_crescents
D:2:      layout_basic, basic_altar, serial_shops, shop,
          ebering_ecumenical_altar_abandoned
D:3:      layout_loops_corners, serial_shops, shop,
          ebering_ghost_reflecting_pool, uniq_grinder
D:4:      layout_rooms, cheibrodos_sewer_entry_sluice, serial_shops,
          nicolae_take_the_stairs, nicolae_shop_waterfront, shop_statue,
          nicolae_stop_n_shop_1, minmay_increasing_density
D:5:      layout_basic, minmay_temple_entry_tees, gammafunk_ghost_cemetery
D:6:      layout_rooms, serial_co_window_serial, co_window_paths_a,
          co_window_of_opportunity_a, co_window_corner_a, co_window_corner_a,
          co_window_corner_a, co_window_corner_a, co_window_corner_a,
          co_window_paths_a, co_window_corner_a, co_window_paths_c,
          co_window_unsneaky_path_d, co_window_broadway_b, co_window_cross_3,
          co_window_paths_c, co_window_corner_b, co_window_paths_c,
          glass_columns_a, glass_columns_a, glass_columns_c, glass_columns_a,
          glass_columns_b, serial_shops, shop, minmay_misc_feat_ornament,
          kennysheep_generic_room_8
D:7:      layout_cave_pods, uniq_menkaure
D:8:      layout_loops_ring, amcnicky_mini_pool_small, minmay_diamond_spiral
D:9:      layout_stronghold, old_standard_altar, uniq_maurice
D:10:     layout_irregular_city, due_lair_maze_entry_diamond, uniq_gastronok
D:11:     layout_stronghold, orc_0_dummy
D:12:     layout_gridville, nicolae_trove_entry_isolated, uniq_kirke
D:13:     layout_irregular_city, david_vaults_5, gauntlet_entry_generic,
          serial_park_tiny_1, uniq_frances, uniq_azrael
Temple:   kilobyte_greek_temple
Lair:1:   layout_chaotic_city, nzn_ghost_randoct
Lair:2:   layout_roguey, spider_nest_entry_a,
          portal_ice_cave_entry_ice_simulacra, serial_bayou_shore_a
Lair:3:   layout_gridlike, swamp_mist_pool
Lair:4:   layout_cave_pods, serial_rivers, chequers_serial_rivers_small_b,
          chequers_serial_rivers_micro_d, chequers_serial_rivers_large_a,
          chequers_serial_rivers_room_b
Lair:5:   layout_regular_city, grunt_megastairs_5
Lair:6:   minmay_lair_end_frog_pond, layout_cave_pods, slime_altar_2,
          basic_altar, st_stairs_6, chequers_serial_rivers_micro_a,
          mumra_transporter_accident
Orc:1:    layout_diamond_mine, enter_bailey_1, uniq_erolcha
Orc:2:    st_orc_mages, layout_caves, serial_shops, nicolae_shop_trees

Notes
Turn   | Place    | Note
-------+----------+-------------------------------------------
     0 | D:1      | sanka the Merfolk Necromancer began the quest for the Orb.
     0 | D:1      | Reached XP level 1. HP: 13/13 MP: 3/3
   109 | D:1      | Reached skill level 3 in Dodging
   437 | D:1      | Reached XP level 2. HP: 19/19 MP: 5/5
   695 | D:1      | Reached skill level 4 in Dodging
  1110 | D:1      | Reached XP level 3. HP: 22/24 MP: 3/6
  1433 | D:2      | Found a glowing golden altar of the Shining One.
  1484 | D:2      | Reached skill level 5 in Dodging
  1763 | D:2      | Found a faded altar of an unknown god.
  2335 | D:2      | Found Ommi's General Store.
  2746 | D:3      | Found Bohiliy's Magic Scroll Emporium.
  2841 | D:3      | Noticed Grinder
  2857 | D:3      | Reached XP level 4. HP: 27/30 MP: 3/7
  3487 | D:3      | Reached skill level 6 in Dodging
  3861 | D:3      | Found a runed translucent door.
  3865 | D:3      | Noticed MoonlitKnight's ghost (amateur HOFi)
  4332 | D:4      | Reached skill level 2 in Polearms
  4332 | D:4      | Reached XP level 5. HP: 22/32 MP: 5/8
  4337 | D:4      | Reached skill level 3 in Polearms
  4366 | D:4      | Reached skill level 4 in Polearms
  4396 | D:4      | Found a glowing drain.
  4406 | Sewer    | Entered a sewer
  4874 | Sewer    | Reached skill level 5 in Polearms
  4970 | Sewer    | Noticed a kobold brigand
  5464 | Sewer    | Killed a kobold brigand
  5465 | Sewer    | Reached skill level 6 in Polearms
  5465 | Sewer    | Reached XP level 6. HP: 24/41 MP: 9/9
  5789 | D:4      | Reached skill level 7 in Polearms
  6030 | D:4      | Found Werph's Antique Armour Emporium.
  6041 | D:4      | Found Teusioc's Antique Armour Emporium.
  6096 | D:4      | Found Edimohan's Book Shop.
  6123 | D:4      | Found Baop's Antique Armour Shop.
  6236 | D:4      | Reached skill level 8 in Polearms
  6236 | D:4      | Reached XP level 7. HP: 19/46 MP: 10/10
  6570 | D:4      | Bought a runed helmet for 180 gold pieces
  6582 | D:5      | Entered Level 5 of the Dungeon
  6629 | D:4      | Reached skill level 9 in Polearms
  6946 | D:4      | Reached skill level 1 in Fighting
  6988 | D:5      | Reached skill level 2 in Fighting
  7146 | D:5      | Found a runed translucent gate.
  7146 | D:5      | Found a runed translucent gate.
  7147 | D:5      | Found a runed translucent gate.
  7148 | D:5      | Noticed Skimidon's ghost (novice MiFi)
  7150 | D:5      | Noticed PaladinM's ghost (amateur DgFi)
  7338 | D:5      | Reached XP level 8. HP: 56/57 MP: 11/11
  7347 | D:5      | Reached skill level 3 in Fighting
  7394 | D:5      | Reached skill level 10 in Polearms
  7398 | D:5      | Found a staircase to the Ecumenical Temple.
  7406 | Temple   | Entered the Ecumenical Temple
  7562 | Temple   | Became a worshipper of Warmaster Okawaru
  8178 | D:6      | Reached skill level 4 in Fighting
  8345 | D:6      | Found Urusetim's Antique Weapon Boutique.
  8558 | D:6      | Identified the +1 ring mail of Qazlal's Benevolence {rC+
                  | Str-4 Dex+8 Slay-6}
  9128 | D:7      | Noticed Menkaure
  9224 | D:7      | Reached skill level 5 in Fighting
  9224 | D:7      | Reached skill level 11 in Polearms
  9692 | D:7      | Killed Menkaure
  9762 | D:7      | Reached * piety under Okawaru
  9763 | D:7      | Reached skill level 6 in Fighting
  9763 | D:7      | Reached XP level 9. HP: 36/69 MP: 12/12
  9962 | D:7      | HP: 4/69 [orc priest/nerve-wracking pain (7)]
 10275 | D:8      | Reached skill level 12 in Polearms
 10772 | D:7      | Reached skill level 2 in Invocations
 10790 | D:7      | Noticed a komodo dragon
 11025 | D:7      | Reached skill level 3 in Invocations
 11255 | D:7      | Reached skill level 4 in Invocations
 11554 | D:5      | Reached skill level 7 in Dodging
 11619 | D:4      | Bought a glowing cloak for 157 gold pieces
 11830 | D:8      | Reached ** piety under Okawaru
 11830 | D:8      | Identified +0 steam dragon scales
 11831 | D:8      | Reached skill level 7 in Fighting
 12141 | D:8      | Reached skill level 8 in Dodging
 12267 | D:8      | Noticed a troll
 12271 | D:8      | Noticed a boulder beetle
 12287 | D:8      | Killed a troll
 12308 | D:8      | Killed a boulder beetle
 12309 | D:8      | Reached skill level 8 in Fighting
 12309 | D:8      | Reached skill level 9 in Dodging
 12309 | D:8      | Reached XP level 10. HP: 41/82 MP: 13/13
 12510 | D:8      | Identified the +5 steam dragon scales of a Million Lies
                  | {Drain Will+ Slay+2}
 12523 | D:8      | Identified the +7 mace of Epyc {chaos, Str+4}
 12526 | D:8      | Noticed a gargoyle
 12530 | D:8      | Identified the +5 halberd "Sarcophage" {protect, rPois
                  | Will- Int+4}
 12535 | D:8      | Killed a gargoyle
 12552 | D:8      | Noticed a skeletal warrior
 12571 | D:8      | Killed a skeletal warrior
 12571 | D:8      | Reached *** piety under Okawaru
 12572 | D:8      | Reached skill level 9 in Fighting
 12572 | D:8      | Reached skill level 10 in Dodging
 12750 | D:9      | Found an ancient bone altar of Kikubaaqudgha.
 12790 | D:9      | Noticed Maurice
 12810 | D:9      | Killed Maurice
 13060 | D:9      | Noticed a two-headed ogre
 13074 | D:9      | Killed a two-headed ogre
 13075 | D:9      | Reached skill level 10 in Fighting
 13075 | D:9      | Reached skill level 11 in Dodging
 13079 | D:9      | Noticed a two-headed ogre
 13087 | D:9      | Killed a two-headed ogre
 13088 | D:9      | Reached XP level 11. HP: 87/92 MP: 14/14
 13351 | D:9      | Reached skill level 12 in Dodging
 13364 | D:9      | Reached **** piety under Okawaru
 13446 | D:9      | Reached skill level 11 in Fighting
 13842 | D:10     | Entered Level 10 of the Dungeon
 14085 | D:10     | Noticed a two-headed ogre
 14093 | D:10     | Killed a two-headed ogre
 14094 | D:10     | Reached skill level 13 in Dodging
 14202 | D:10     | Found a staircase to the Lair.
 14248 | D:10     | Reached skill level 12 in Fighting
 14345 | D:10     | Reached ***** piety under Okawaru
 14410 | D:10     | Noticed Gastronok
 14426 | D:10     | Killed Gastronok
 14426 | D:10     | Received a gift from Okawaru
 14427 | D:10     | Reached skill level 14 in Dodging
 14570 | D:10     | Identified 3 scrolls of acquirement
 14571 | D:10     | Acquired a +0 pair of boots of rampaging
 14578 | D:10     | Acquired a +3 glaive of flaming
 14585 | D:10     | Acquired 826 gold pieces
 14742 | D:3      | Bought a scroll of acquirement for 676 gold pieces
 14742 | D:3      | Acquired 788 gold pieces
 14809 | D:4      | Bought a runed helmet for 217 gold pieces
 14809 | D:4      | Bought a bloodstained robe for 165 gold pieces
 14809 | D:4      | Identified the +1 robe of Veplapur {rPois Will++ Regen+
                  | Str-3} (You bought it in a shop on level 4 of the Dungeon)
 14809 | D:4      | Bought a pair of runed gloves for 217 gold pieces
 14859 | D:4      | Bought a fading leather armour for 147 gold pieces
 14859 | D:4      | Identified the +3 leather armour "Buedaus" {rElec} (You
                  | bought it in a shop on level 4 of the Dungeon)
 15187 | D:11     | Noticed a cyclops
 15197 | D:11     | Killed a cyclops
 15198 | D:11     | Reached XP level 12. HP: 103/103 MP: 13/15
 15647 | D:11     | Found a staircase to the Orcish Mines.
 15763 | D:11     | Noticed a six-headed hydra
 15770 | D:11     | Killed a three-headed hydra
 16245 | Lair:1   | Entered Level 1 of the Lair of Beasts
 16273 | Lair:1   | Found a transporter.
 16344 | Lair:1   | Found a transporter.
 16356 | Lair:1   | Noticed sanka's ghost (journeyman MfNe)
 16363 | Lair:1   | Reached skill level 13 in Fighting
 16363 | Lair:1   | Reached skill level 5 in Invocations
 16522 | Lair:1   | Noticed a six-headed hydra
 16532 | Lair:1   | Killed a two-headed hydra
 16533 | Lair:1   | Reached skill level 15 in Dodging
 16540 | Lair:1   | Reached skill level 6 in Invocations
 16691 | Lair:1   | Noticed a five-headed hydra
 16700 | Lair:1   | Killed a one-headed hydra
 16881 | Lair:1   | Noticed a five-headed hydra
 16893 | Lair:1   | Killed a one-headed hydra
 17091 | Lair:1   | Noticed a death yak
 17320 | Lair:2   | Reached skill level 7 in Invocations
 17343 | Lair:2   | Noticed a five-headed hydra
 17351 | Lair:2   | Killed a one-headed hydra
 17532 | Lair:2   | Reached XP level 13. HP: 65/112 MP: 15/18
 17545 | Lair:2   | Found a frozen archway.
 17576 | IceCv    | Entered an ice cave
 17784 | IceCv    | Reached skill level 14 in Fighting
 17912 | IceCv    | Reached skill level 13 in Polearms
 18236 | IceCv    | Received a gift from Okawaru
 18369 | IceCv    | Reached skill level 14 in Polearms
 18654 | IceCv    | Identified a +0 crystal plate armour of cold resistance
 18739 | Lair:2   | Found a hole to the Spider Nest.
 18940 | Lair:3   | Reached skill level 15 in Polearms
 19121 | Lair:3   | Found a staircase to the Swamp.
 19127 | Lair:3   | Identified 4 potions of experience
 19133 | Lair:3   | Reached skill level 17 in Dodging
 19133 | Lair:3   | Reached XP level 14. HP: 120/120 MP: 19/19
 19134 | Lair:3   | Reached skill level 19 in Dodging
 19134 | Lair:3   | Reached XP level 15. HP: 126/126 MP: 20/20
 19135 | Lair:3   | Reached skill level 20 in Dodging
 19135 | Lair:3   | Reached XP level 16. HP: 133/133 MP: 21/21
 19136 | Lair:3   | Reached skill level 21 in Dodging
 19136 | Lair:3   | Reached XP level 17. HP: 139/139 MP: 22/22
 19177 | Lair:3   | Reached skill level 8 in Invocations
 21925 | Lair:6   | Entered Level 6 of the Lair of Beasts
 21929 | Lair:6   | Reached skill level 9 in Invocations
 21999 | Lair:6   | Found a radiant altar of Vehumet.
 22106 | Lair:6   | Received a gift from Okawaru
 22402 | Lair:6   | Found a runed translucent door.
 22403 | Lair:6   | Found a viscous altar of Jiyva.
 22405 | Lair:6   | Found a staircase to the Slime Pits.
 22405 | Lair:6   | Noticed an acid blob
 22456 | Lair:6   | Reached skill level 22 in Dodging
 22534 | Lair:6   | Reached skill level 15 in Fighting
 22598 | Lair:6   | Reached skill level 10 in Invocations
 22925 | Lair:6   | Identified 3 potions of resistance
 22972 | Lair:6   | Reached XP level 18. HP: 132/149 MP: 25/25
 23681 | Lair:2   | Learned a level 3 spell: Frozen Ramparts
 23686 | Lair:2   | Learned a level 4 spell: Summon Ice Beast
 23692 | Lair:2   | Learned a level 5 spell: Freezing Cloud
 23816 | Orc:1    | Entered Level 1 of the Orcish Mines
 23859 | Orc:1    | Found a flagged portal.
 23894 | Bailey   | Entered a bailey
 24162 | Bailey   | Identified the +8 ice dragon scales of Gozag's Vengeance
                  | {rF- rC++ Str+3}
 24412 | Orc:2    | Entered Level 2 of the Orcish Mines
 24461 | Orc:2    | Reached skill level 16 in Fighting
 24691 | Orc:2    | Reached skill level 1 in Ice Magic
 24712 | Orc:2    | Reached skill level 2 in Ice Magic
 24727 | Orc:2    | Found Biefru's Antique Armour Emporium.
 24727 | Orc:2    | Found Paamn's Weapon Shoppe.
 24753 | Orc:2    | Reached skill level 3 in Ice Magic
 25056 | Orc:2    | Found a staircase to the Elven Halls.
 25208 | Orc:2    | Reached skill level 4 in Ice Magic
 25282 | Orc:2    | Found Gexkitz's Weapon Shoppe.
 25286 | Orc:2    | Found Ureidghum's Magic Scroll Emporium.
 25669 | Orc:2    | Found Ypat's Antique Armour Boutique.
 25679 | Orc:2    | Reached skill level 5 in Ice Magic
 25880 | Orc:1    | Noticed Erolcha
 25891 | Orc:1    | Killed Erolcha
 26112 | Orc:2    | Bought a scroll of acquirement for 676 gold pieces
 26112 | Orc:2    | Bought a scroll of acquirement for 676 gold pieces
 26147 | Orc:2    | Bought a pair of embroidered boots for 322 gold pieces
 26147 | Orc:2    | Bought a pair of embroidered gloves for 322 gold pieces
 26267 | D:12     | Reached skill level 6 in Ice Magic
 26327 | D:12     | Found a portal to a secret trove of treasure.
 26432 | D:12     | Acquired 770 gold pieces
 26434 | D:12     | Acquired 425 gold pieces
 26436 | D:12     | Acquired 372 gold pieces
 26658 | D:12     | Noticed Kirke
 26671 | D:12     | Killed Kirke
 26672 | D:12     | Reached skill level 7 in Ice Magic
 26792 | D:12     | Received a gift from Okawaru
 26794 | D:12     | Identified +0 acid dragon scales
 26999 | D:12     | Reached skill level 8 in Ice Magic
 27114 | D:13     | Noticed Azrael
 27255 | D:13     | Found a gate leading to a gauntlet.
 27275 | D:13     | HP: 14/151 [Azrael (12)]
 27276 | D:13     | Killed from afar by Azrael

Vanquished Creatures
  Kirke (D:12)
  Gastronok (D:10)
  An orc warlord (Orc:2)
  Erolcha (Orc:1)
  2 boulder beetles
  13 hydras
  A catoblepas (Lair:3)
  A centaur warrior (D:13)
  6 two-headed ogres
  3 orc high priests
  A skeletal warrior (D:8)
  A goliath frog (Lair:6)
  A bog body (IceCv)
  A necromancer (IceCv)
  2 orc knights
  A deep elf pyromancer (D:12)
  4 orc sorcerers (Orc:2)
  A manticore (D:11)
  A cyclops (D:11)
  Maurice (D:9)
  2 ice statues (IceCv)
  2 black mambas (Lair:1)
  23 cane toads
  A gargoyle (D:8)
  A kobold demonologist (D:12)
  10 komodo dragons
  An unseen horror (D:11)
  5 rime drakes
  5 ice devils (IceCv)
  4 entropy weaver simulacra (IceCv)
  2 anaconda simulacra (IceCv)
  3 polar bears
  3 trolls
  25 blink frogs
  3 tyrant leeches (Lair:6)
  A vampire (D:12)
  2 dire elephant simulacra (IceCv)
  3 wyverns
  2 redbacks (Lair:2)
  A shadow (D:13)
  4 basilisks
  A fire elemental (D:13)
  3 wraiths
  4 hogs (D:12)
  45 yaks
  8 vampire mosquitoes
  2 steam dragons (D:8)
  Menkaure (D:7)
  2 acid dragons
  2 harpy simulacra (IceCv)
  2 wargs
  4 hell hounds
  17 water moccasins
  32 orc warriors
  2 ice beasts
  3 sky beasts
  3 black bears (D:10)
  A necrophage (D:5)
  3 centaurs
  6 wolves
  9 ogres
  6 kobold brigands
  23 bullfrogs
  A water moccasin zombie (D:5)
  A cane toad simulacrum (IceCv)
  2 scorpions
  3 killer bees (D:11)
  2 elephant simulacra (Lair:2)
  2 electric eels
  2 howler monkeys
  4 centaur zombies
  18 orc priests
  2 hounds
  A scorpion zombie (D:4)
  A gnoll shaman (D:5)
  3 iguanas
  6 hell rats (Lair:2)
  A troll simulacrum (IceCv)
  29 orc wizards
  2 polar bear simulacra (IceCv)
  2 wolf simulacra
  A howler monkey zombie (D:5)
  4 gnolls
  9 adders
  A howler monkey skeleton (D:5)
  A river rat (Sewer)
  3 white imps
  5 worms
  2 dart slugs
  62 orcs
  4 endoplasms
  4 giant cockroaches
  8 goblins
  6 hobgoblins
  5 jackals (D:1)
  22 kobolds
  2 quokkas
  9 ball pythons
  4 bats (D:1)
  4 rats (Sewer)
564 creatures vanquished.

Vanquished Creatures (others)
  53 fungi
  105 plants
158 creatures vanquished.

Grand Total: 722 creatures vanquished
